[Event "Titled Tuesday Blitz June 6 Early 2023"]
[White "Amitpal, Singh"]
[Black "Shapiro, Viktor"]
[WhiteFideId "5012899"]
[BlackFideId "4175700"]
[WhiteElo "2107"]
[BlackElo "2212"]
[Result "0-1"]
[Round "8"]
[TimeControl "180+2"]
[Date "2023.06.06"]
[WhiteClock "0:00:01"]
[BlackClock "0:01:02"]
[Board "94"]

1. e4 Nf6 2. e5 Nd5 3. c4 Nb6 4. d4 d6 5. exd6 cxd6 6. Nc3 g6 7. Nf3 Bg4 8. Bg5 Bg7 9. Rc1 Nc6 10. d5 Nd4 11. Be3 Bxf3 12. gxf3 Nf5 13. Bd3 Nxe3 14. fxe3 e5 15. b3 Qh4+ 16. Ke2 O-O 17. Qe1 Qe7 18. h4 f5 19. Bb1 h5 20. Qg1 Kh7 21. Qg2 Bh6 22. Rcg1 Rf6 23. Rh3 Rg8 24. Rg3 Rg7 25. Nd1 Nd7 26. Nf2 a5 27. Nh3 Bxe3 28. Ng5+ Bxg5 29. Rxg5 Nc5 30. Qh3 e4 31. f4 b5 32. Qc3 b4 33. Qd4 Rff7 34. Ke3 Qf6 35. R5g2 Qxh4 36. Rg3 Qf6 37. R1g2 Qxd4+ 38. Kxd4 Kh6 39. Ke3 Re7 40. Rg5 Ref7 41. Rh2 Rf6 42. Rgg2 a4 43. Rg5 axb3 44. axb3 Nxb3 45. Bc2 Nc5 46. Bd1 Ra7 47. Bxh5 Kg7 48. Be2 Ra3+ 0-1


[Site "https://www.chess.com"]

[Event "Titled Tuesday Blitz June 6 Early 2023"]
[White "Ibadov, Dashgyn"]
[Black "Buchenau, Frank"]
[WhiteFideId "24107514"]
[BlackFideId "4604350"]
[WhiteElo "2208"]
[BlackElo "2157"]
[Result "1-0"]
[Round "8"]
[TimeControl "180+2"]
[Date "2023.06.06"]
[WhiteClock "0:00:05"]
[BlackClock "0:00:01"]
[Board "95"]

1. e4 e6 2. d4 d5 3. Nc3 Nf6 4. Bg5 dxe4 5. Nxe4 Be7 6. Bxf6 gxf6 7. Nf3 f5 8. Nc3 a6 9. g3 b5 10. Bg2 Bb7 11. O-O O-O 12. Ne5 Bxg2 13. Kxg2 c5 14. d5 b4 15. Ne2 Qxd5+ 16. Qxd5 exd5 17. Rad1 d4 18. Rd3 Bd6 19. Nc4 Bc7 20. Rf3 Re8 21. Nf4 Bxf4 22. Rxf4 Re2 23. Rc1 Nd7 24. Rxf5 Rae8 25. Rd5 Ne5 26. Rxc5 Nxc4 27. Rxc4 Rd2 28. Rxb4 Ree2 29. Rf1 Kg7 30. Kf3 Kf6 31. Rxd4 Rxc2 32. Rf4+ Kg7 33. Kg2 Rxb2 34. a4 Ra2 35. Rc1 Re7 36. Rc6 Ra7 37. h4 a5 38. h5 h6 39. g4 Rb2 40. Rc5 Rb4 41. Rcc4 Rxc4 42. Rxc4 f5 43. f3 fxg4 44. fxg4 Rb7 45. Kf3 Rb3+ 46. Kf4 Rb1 47. Rc7+ 1-0


[Site "https://www.chess.com"]

[Event "Titled Tuesday Blitz June 6 Early 2023"]
[White "Toktomushev, Teimur"]
[Black "Belov, Alexei"]
[WhiteFideId "14176726"]
[BlackFideId "4128206"]
[WhiteElo "2116"]
[BlackElo "2620"]
[Result "0-1"]
[Round "8"]
[TimeControl "180+2"]
[Date "2023.06.06"]
[WhiteClock "0:00:02"]
[BlackClock "0:00:53"]
[Board "96"]

1. d4 e6 2. c4 d5 3. Nc3 Be7 4. Nf3 Nf6 5. Bf4 O-O 6. e3 Nbd7 7. Bd3 dxc4 8. Bxc4 a6 9. O-O b5 10. Bd3 c5 11. Qe2 Bb7 12. Rac1 Rc8 13. Rfd1 cxd4 14. exd4 Nb6 15. Ne5 Nbd5 16. Bg3 Qa5 17. Ne4 Nxe4 18. Qxe4 g6 19. a3 Rxc1 20. Rxc1 Qd2 21. Rb1 Rc8 22. h4 Rc7 23. Qg4 Nf6 24. Qh3 Rc1+ 25. Rxc1 Qxc1+ 26. Kh2 Qxb2 27. h5 Nxh5 28. Bh4 Bd6 29. Qe3 f6 30. g4 fxe5 31. d5 e4+ 32. Kg2 Nf4+ 0-1


[Site "https://www.chess.com"]

[Event "Titled Tuesday Blitz June 6 Early 2023"]
[White "Chernobay, Artem"]
[Black "Matveeva, Olga"]
[WhiteFideId "4167406"]
[BlackFideId "24107018"]
[WhiteElo "2474"]
[BlackElo "2009"]
[Result "0-1"]
[Round "8"]
[TimeControl "180+2"]
[Date "2023.06.06"]
[WhiteClock "0:00:03"]
[BlackClock "0:00:13"]
[Board "97"]

1. d4 Nf6 2. c4 e6 3. Nf3 Bb4+ 4. Nbd2 c5 5. a3 Bxd2+ 6. Qxd2 cxd4 7. Qxd4 O-O 8. e3 Nc6 9. Qd3 d5 10. cxd5 Qxd5 11. Qxd5 Nxd5 12. Bd2 e5 13. Bc4 Rd8 14. e4 Nf4 15. Bxf4 exf4 16. O-O Be6 17. Rac1 h6 18. h4 Rac8 19. Bxe6 fxe6 20. e5 Kf8 21. Rc4 Ke7 22. Rxf4 Rd5 23. Re1 Rcd8 24. g3 Rd3 25. h5 R8d5 26. Kg2 Rb3 27. Re2 Rdb5 28. Nh4 Rxb2 29. Ng6+ Kd8 30. Rxb2 Rxb2 31. Rf7 Nd4 32. Rxg7 Nf5 33. Rh7 a5 34. g4 Ne3+ 35. Kf3 Nd1 36. Rxh6 Rxf2+ 37. Kg3 Ra2 38. Rh7 Rxa3+ 39. Kf4 Nf2 40. h6 Nh3+ 41. Ke4 Ng5+ 42. Kd4 Nxh7 43. Nf4 Kd7 44. Nd3 Ra4+ 45. Kc3 Rxg4 46. Nc5+ Kc6 47. Nxe6 Rh4 48. Nd4+ Kd5 49. Nb5 Rh3+ 0-1


[Site "https://www.chess.com"]

[Event "Titled Tuesday Blitz June 6 Early 2023"]
[White "Goroshkov, Maksym"]
[Black "Fernandez Garcia, Gumersindo"]
[WhiteFideId "14142716"]
[BlackFideId "24516740"]
[WhiteElo "2322"]
[BlackElo "2093"]
[Result "1-0"]
[Round "8"]
[TimeControl "180+2"]
[Date "2023.06.06"]
[WhiteClock "0:01:32"]
[BlackClock "0:00:05"]
[Board "98"]

1. e4 c5 2. d4 cxd4 3. c3 g6 4. cxd4 d5 5. exd5 Nf6 6. Nc3 Nxd5 7. Bc4 Nb6 8. Bb3 Bg7 9. Nf3 O-O 10. Be3 Nc6 11. h3 e5 12. d5 Nd4 13. Nxd4 exd4 14. Bxd4 Re8+ 15. Kf1 Bh6 16. Qf3 Bf5 17. g4 Bd7 18. Ne4 Bb5+ 19. Kg2 Nd7 20. d6 Rf8 21. Bd5 Bg7 22. Bxg7 Kxg7 23. h4 Nf6 24. Qc3 Rc8 25. Qd4 Bc6 26. g5 Bxd5 27. gxf6+ Kg8 28. Qxd5 Re8 29. Rhe1 Qd7 30. Ng3 Red8 31. Kh2 Rc6 32. Rad1 Rxd6 33. Qxd6 1-0


[Site "https://www.chess.com"]

[Event "Titled Tuesday Blitz June 6 Early 2023"]
[White "FunnyDuck66"]
[Black "Novikov, Evgenij"]
[BlackFideId "4125380"]
[WhiteElo "2424"]
[BlackElo "2242"]
[Result "1-0"]
[Round "8"]
[TimeControl "180+2"]
[Date "2023.06.06"]
[WhiteClock "0:00:36"]
[BlackClock "0:00:41"]
[Board "99"]

1. d4 Nf6 2. Nf3 b6 3. Bf4 Bb7 4. Nbd2 d6 5. e3 Nbd7 6. Bd3 Nh5 7. Bg3 g6 8. c3 Bg7 9. e4 O-O 10. O-O Nxg3 11. hxg3 c5 12. Qe2 Qc7 13. Nc4 e6 14. Ne3 Nf6 15. e5 Nd5 16. Nc4 dxe5 17. dxe5 Rfd8 18. Nd6 Bc6 19. Rfe1 Ne7 20. Rad1 Rd7 21. Bc4 Rad8 22. Ng5 Nd5 23. Ndxf7 Rxf7 24. Nxe6 Qe7 25. Nxd8 Qxd8 26. Bxd5 Bxd5 27. c4 Rd7 28. cxd5 Rxd5 29. Qc4 Kh8 30. Qxd5 Qf8 31. Qd8 Kg8 32. e6 Bf6 33. e7 Bxe7 34. Rxe7 h5 35. Rb7 g5 36. Qxf8+ Kxf8 37. Rd8# 1-0


[Site "https://www.chess.com"]

[Event "Titled Tuesday Blitz June 6 Early 2023"]
[White "Manukian, Artak"]
[Black "Skliarov, Viktor"]
[WhiteFideId "13301373"]
[BlackFideId "14106736"]
[WhiteElo "2130"]
[BlackElo "2317"]
[Result "0-1"]
[Round "8"]
[TimeControl "180+2"]
[Date "2023.06.06"]
[WhiteClock "0:00:04"]
[BlackClock "0:00:12"]
[Board "100"]

1. e4 c5 2. Nf3 Nc6 3. c3 Nf6 4. e5 Nd5 5. d4 cxd4 6. cxd4 d6 7. Nc3 e6 8. Bd3 Nxc3 9. bxc3 dxe5 10. dxe5 Qc7 11. Qe2 b6 12. O-O Bb7 13. a4 Bc5 14. Re1 h6 15. Ba3 Bxa3 16. Rxa3 O-O-O 17. Ba6 Kb8 18. Bxb7 Qxb7 19. Rb1 Rd5 20. c4 Rc5 21. Rb5 Qe7 22. Rab3 Rd8 23. h4 Nd4 24. Nxd4 Rxd4 25. a5 Rdxc4 26. Rxc5 Qxc5 27. axb6 Rc1+ 28. Kh2 axb6 29. Rf3 Qd4 30. g3 Qd5 31. Qd3 Qxd3 32. Rxd3 Rc7 33. f4 h5 34. g4 hxg4 35. Kg3 b5 36. Kxg4 b4 37. Rb3 Rb7 38. f5 exf5+ 39. Kxf5 Ka7 40. e6 fxe6+ 41. Kxe6 Ka6 42. Rb1 Kb5 43. h5 Kc4 44. Rc1+ Kd3 0-1


[Site "https://www.chess.com"]

[Event "Titled Tuesday Blitz June 6 Early 2023"]
[White "Moore, Nicholas"]
[Black "brm72"]
[WhiteFideId "4303709"]
[WhiteElo "2402"]
[BlackElo "2561"]
[Result "1-0"]
[Round "8"]
[TimeControl "180+2"]
[Date "2023.06.06"]
[WhiteClock "0:00:07"]
[BlackClock "0:00:02"]
[Board "101"]

1. c4 c5 2. g3 Nc6 3. Bg2 g6 4. Nc3 Bg7 5. e3 e6 6. Nge2 Nge7 7. d4 cxd4 8. exd4 d5 9. cxd5 Nxd5 10. O-O Nxc3 11. bxc3 O-O 12. a4 Na5 13. Ba3 Re8 14. Rb1 Qc7 15. Qd3 Nc4 16. Bc1 Rb8 17. Rb4 Nb6 18. a5 Nd5 19. Rb5 Bd7 20. Rc5 Bc6 21. c4 Nb4 22. Qb1 Na6 23. Bf4 e5 24. Bxe5 Bxe5 25. Rxe5 Rxe5 26. dxe5 Bxg2 27. Kxg2 Qxc4 28. Nf4 Qc6+ 29. Kg1 Rc8 30. h4 b5 31. axb6 Qxb6 32. Qa2 Nb4 33. Qe2 Re8 34. Rb1 a5 35. h5 Qd4 36. hxg6 hxg6 37. e6 Kg7 38. Rd1 Qf6 39. Rd7 Re7 40. Qg4 Kf8 41. Rd8+ Re8 42. Rd7 Re7 43. Rd8+ Re8 44. Rd1 Qf5 45. Qh4 Kg7 46. exf7 Qxf7 47. Qg4 Re7 48. Rd8 Re1+ 49. Kg2 Qb7+ 50. f3 1-0


[Site "https://www.chess.com"]

[Event "Titled Tuesday Blitz June 6 Early 2023"]
[White "Tarasova, Viktoriya"]
[Black "Kochiev, Ivan"]
[WhiteFideId "4175840"]
[BlackFideId "2917890"]
[WhiteElo "2182"]
[BlackElo "2287"]
[Result "0-1"]
[Round "8"]
[TimeControl "180+2"]
[Date "2023.06.06"]
[WhiteClock "0:00:21"]
[BlackClock "0:00:02"]
[Board "102"]

1. d4 Nf6 2. c4 e6 3. Nc3 c5 4. d5 exd5 5. cxd5 d6 6. Nf3 g6 7. Bf4 a6 8. a4 Qe7 9. h3 Bg7 10. e3 O-O 11. Nd2 Nbd7 12. Be2 Ne8 13. O-O Nc7 14. Nc4 Ne5 15. Nb6 Rb8 16. a5 f5 17. Re1 Bd7 18. Bf1 Bb5 19. Bh2 Nd7 20. e4 f4 21. f3 Bd4+ 22. Kh1 Bxf1 23. Rxf1 Nxb6 24. axb6 Na8 25. Na4 g5 26. Rc1 h5 27. b4 Be3 28. Rc4 cxb4 29. Bg1 Rfc8 30. Rxb4 Rc1 31. Qe2 Rbc8 32. Bxe3 fxe3 33. Rb1 Rxf1+ 34. Rxf1 Qe8 35. Qxe3 Rc2 36. Qxg5+ Kh7 37. Qf5+ Kh6 38. Ra1 Qg8 39. g4 hxg4 40. fxg4 Qh8 41. Rf1 Qe5 42. Qf8+ Kg5 43. Rf5+ Kh4 44. Rxe5 Kg3 45. Qxa8 Rc1# 0-1


[Site "https://www.chess.com"]

[Event "Titled Tuesday Blitz June 6 Early 2023"]
[White "Barbot, Pierre"]
[Black "Degenbaev, Aziz"]
[WhiteFideId "663727"]
[BlackFideId "13802640"]
[WhiteElo "2431"]
[BlackElo "2152"]
[Result "0-1"]
[Round "8"]
[TimeControl "180+2"]
[Date "2023.06.06"]
[WhiteClock "0:00:01"]
[BlackClock "0:01:59"]
[Board "103"]

1. d4 Nf6 2. Nf3 g6 3. Bf4 Bg7 4. e3 O-O 5. h3 d6 6. Be2 b6 7. O-O Bb7 8. Bh2 Nbd7 9. c4 Ne4 10. Qc2 e5 11. Nc3 Nxc3 12. Qxc3 Re8 13. Rfd1 exd4 14. Qa3 dxe3 15. fxe3 Qe7 16. Bf4 h6 17. h4 a5 18. g4 Nf6 19. g5 Nh5 20. Re1 Nxf4 21. exf4 hxg5 22. hxg5 Qe4 23. Kf2 Bd4+ 24. Kg3 Be3 25. Qd3 Qxf4+ 26. Kg2 Qg4+ 27. Kh2 Bxf3 28. Bxf3 Bf4+ 29. Kh1 Qh3+ 30. Kg1 Bh2+ 31. Kf2 Bg3+ 32. Kg1 Qh2+ 33. Kf1 Qf2# 0-1


[Site "https://www.chess.com"]

[Event "Titled Tuesday Blitz June 6 Early 2023"]
[White "Diaz Rosas, Julio Cesar"]
[Black "Schuh, Karsten"]
[WhiteFideId "5105099"]
[BlackFideId "4637950"]
[WhiteElo "2284"]
[BlackElo "2177"]
[Result "1-0"]
[Round "8"]
[TimeControl "180+2"]
[Date "2023.06.06"]
[WhiteClock "0:00:22"]
[BlackClock "0:00:07"]
[Board "104"]

1. e4 c5 2. Nf3 Nc6 3. Bc4 e6 4. O-O a6 5. d4 cxd4 6. Nxd4 Qc7 7. Nxc6 bxc6 8. Qf3 Nf6 9. Bf4 e5 10. Bg5 Be7 11. Nc3 O-O 12. h3 d6 13. Rad1 Rb8 14. b3 Be6 15. Qe2 Qa5 16. Bxe6 fxe6 17. Qc4 Kf7 18. Bxf6 gxf6 19. Na4 Rbc8 20. f4 d5 21. Qe2 exf4 22. Qh5+ Kg8 23. Qg4+ Kh8 24. Qxe6 Bc5+ 25. Kh1 Rce8 26. Qxc6 Be3 27. exd5 Rc8 28. Qd6 Rcd8 29. Qe6 Rde8 30. Qf5 Qb5 31. c4 Qb4 32. d6 Rd8 33. d7 Qb7 34. Qd5 Qb4 35. c5 Qa3 36. c6 Qxa2 37. c7 Rxd7 38. Qxd7 Rg8 39. Qd5 f3 40. Qxg8+ 1-0


[Site "https://www.chess.com"]

[Event "Titled Tuesday Blitz June 6 Early 2023"]
[White "Zenin, Dmitry"]
[Black "Czerw, Dawid"]
[WhiteFideId "4127897"]
[BlackFideId "1145746"]
[WhiteElo "2215"]
[BlackElo "2144"]
[Result "0-1"]
[Round "8"]
[TimeControl "180+2"]
[Date "2023.06.06"]
[WhiteClock "0:00:43"]
[BlackClock "0:00:01"]
[Board "105"]

1. d4 Nf6 2. c4 c5 3. d5 b5 4. cxb5 a6 5. bxa6 e6 6. Nc3 Nxa6 7. e4 exd5 8. exd5 Nb4 9. Bc4 Ba6 10. b3 Bxc4 11. bxc4 Qa5 12. Nge2 Bd6 13. O-O O-O 14. Bb2 Be5 15. a3 Na6 16. Qc2 Rfb8 17. Rab1 Nc7 18. h3 Nfe8 19. a4 Rb4 20. Nb5 Bxb2 21. Rxb2 Qxa4 22. Qxa4 Raxa4 23. Rxb4 Rxb4 24. Nxc7 Nxc7 25. Rc1 Na8 26. Nf4 d6 27. Nd3 Ra4 28. Rb1 g6 29. Rb8+ Kg7 30. Rd8 Ra3 31. Nf4 Nb6 32. Rxd6 Nxc4 33. Rc6 Ra5 34. g4 Ne5 35. Rc7 c4 36. g5 h6 37. gxh6+ Kxh6 38. Re7 f6 39. Rc7 g5 40. Ne6 Rxd5 41. Nf8 g4 42. h4 Nf3+ 43. Kg2 Nxh4+ 44. Kg3 Nf5+ 45. Kxg4 Ng7 46. Rxc4 Rd8 0-1


[Site "https://www.chess.com"]

[Event "Titled Tuesday Blitz June 6 Early 2023"]
[White "Fajdetic, Hrvoje"]
[Black "Sargsyan, Anna M."]
[WhiteFideId "14501945"]
[BlackFideId "13308130"]
[WhiteElo "2185"]
[BlackElo "2284"]
[Result "0-1"]
[Round "8"]
[TimeControl "180+2"]
[Date "2023.06.06"]
[WhiteClock "0:00:02"]
[BlackClock "0:01:07"]
[Board "106"]

1. d4 d5 2. Bf4 Nf6 3. e3 Bf5 4. c4 c6 5. Qb3 Qb6 6. c5 Qxb3 7. axb3 a6 8. Nd2 Nbd7 9. b4 Rc8 10. h3 Ne4 11. Nb3 f6 12. f3 Ng5 13. Na5 Ne6 14. Nxb7 Nxf4 15. exf4 Nb8 16. Bxa6 Nxa6 17. Rxa6 Rb8 18. Rb6 e5 19. fxe5 Bc8 20. Na5 Rxb6 21. cxb6 Bxb4+ 22. Kf2 Bxa5 23. exf6 Bxb6 24. Ne2 gxf6 25. g4 Ba6 26. Rd1 Kd7 27. Nf4 Rb8 28. Rd2 Ba5 29. Rc2 Rb4 30. Ke3 Bb6 31. Rd2 Rb3+ 32. Kf2 Ba5 33. Rc2 Bd3 34. Rc1 Bd2 35. Nxd3 Rxd3 36. Ra1 Bf4 37. Ra7+ Bc7 38. Ra4 Rd2+ 39. Ke3 Rxb2 40. f4 Rb3+ 41. Kf2 Rxh3 42. Kg2 Rd3 43. g5 fxg5 44. fxg5 Rg3+ 45. Kf2 Rxg5 46. Kf3 h5 47. Ra8 h4 48. Rh8 Rg3+ 49. Kf2 Rg4 50. Rh7+ Kc8 51. Ke3 Re4+ 52. Kd3 Kb7 53. Rh8 Rg4 54. Rh7 Rg3+ 55. Ke2 h3 56. Kf2 Rc3 0-1


[Site "https://www.chess.com"]

[Event "Titled Tuesday Blitz June 6 Early 2023"]
[White "Krutko, Anatoly"]
[Black "Manon-og, Ramon Jr."]
[WhiteFideId "4185862"]
[BlackFideId "5200776"]
[WhiteElo "2378"]
[BlackElo "2376"]
[Result "0-1"]
[Round "8"]
[TimeControl "180+2"]
[Date "2023.06.06"]
[WhiteClock "0:00:03"]
[BlackClock "0:00:16"]
[Board "107"]

1. e4 c5 2. Nf3 d6 3. d4 cxd4 4. Qxd4 Nc6 5. Bb5 Bd7 6. Bxc6 Bxc6 7. Nc3 e5 8. Qd3 h6 9. Be3 Nf6 10. O-O Be7 11. Nd5 Nxd5 12. exd5 Bd7 13. c4 O-O 14. c5 Qe8 15. Rfc1 f5 16. Qb3 Rb8 17. Nxe5 dxe5 18. d6+ Kh8 19. dxe7 Qxe7 20. f4 Bc6 21. Re1 e4 22. Bd4 Rbd8 23. Rad1 Qh4 24. Qc3 Qg4 25. Rd2 Rd7 26. Be5 e3 27. Qxe3 Rfd8 28. Bd6 Rf7 29. Qg3 Qh5 30. Rde2 Kh7 31. h3 Rf6 32. Be7 Rg6 33. Qh4 Qxh4 34. Bxh4 Rd3 35. Kh2 Be4 36. Be7 Rdg3 37. Rg1 h5 38. Bd6 Rd3 39. Be5 Ra6 40. a3 Rc6 41. Rc1 b6 42. b4 Rxa3 43. Bd6 a6 44. Rce1 Rb3 45. Be7 Rxb4 46. cxb6 Rbxb6 47. Ra1 Rb5 48. Bd8 Rd5 49. Ba5 Rc4 50. Rd2 Rxd2 51. Bxd2 Rc2 52. Rd1 a5 53. h4 a4 54. Kh3 a3 55. Be3 Rc3 56. Re1 a2 57. Kh2 Rxe3 58. Rxe3 a1=Q 0-1


[Site "https://www.chess.com"]

[Event "Titled Tuesday Blitz June 6 Early 2023"]
[White "Bruedigam, Martin"]
[Black "Sargissyan, Sargis"]
[WhiteFideId "24608033"]
[BlackFideId "13303210"]
[WhiteElo "2331"]
[BlackElo "2109"]
[Result "1/2-1/2"]
[Round "8"]
[TimeControl "180+2"]
[Date "2023.06.06"]
[WhiteClock "0:00:23"]
[BlackClock "0:00:03"]
[Board "108"]

1. d4 Nf6 2. c4 g6 3. f3 d5 4. cxd5 Nxd5 5. e4 Nb6 6. Nc3 Bg7 7. Be3 O-O 8. Qd2 Nc6 9. O-O-O e5 10. d5 Nd4 11. f4 c5 12. Nf3 Bg4 13. Qf2 Bxf3 14. gxf3 exf4 15. Bxf4 Qd7 16. h4 Na4 17. Bh3 f5 18. e5 Nxc3 19. bxc3 Qxd5 20. cxd4 Rac8 21. Kb1 cxd4 22. Qxd4 Qb5+ 23. Ka1 Rc4 24. Qd5+ Qxd5 25. Rxd5 Rxf4 26. Rc1 Re8 27. Bf1 Bxe5+ 28. Kb1 Rb4+ 29. Kc2 Rc8+ 30. Kd1 Rd4+ 31. Rxd4 Rxc1+ 32. Kxc1 Bxd4 33. h5 g5 34. Bh3 f4 35. Kc2 Kg7 36. Kd3 Be3 37. Ke4 Kf6 38. Kd5 Bb6 39. Bc8 Be3 40. a4 b6 41. Bh3 h6 42. Bc8 Bf2 43. Bd7 Bc5 44. Bc8 Ba3 45. Bg4 Bb2 46. Bc8 Be5 47. Bg4 Bb8 48. Kc6 Be5 49. Kb7 Bd4 50. Kc6 Ke5 51. Kb5 Be3 52. Kc4 Bg1 53. Bc8 Kd6 54. Bg4 Kc6 55. Bf5 Kd6 56. Bg4 Bf2 57. Bf5 Bg1 58. Bg4 1/2-1/2


[Site "https://www.chess.com"]

[Event "Titled Tuesday Blitz June 6 Early 2023"]
[White "feuervogel1000000"]
[Black "Da Silva, Lindolfo Luiz"]
[BlackFideId "2106558"]
[WhiteElo "2504"]
[BlackElo "2369"]
[Result "1/2-1/2"]
[Round "8"]
[TimeControl "180+2"]
[Date "2023.06.06"]
[WhiteClock "0:02:08"]
[BlackClock "0:00:35"]
[Board "109"]

1. e4 c5 2. Nf3 Nc6 3. d4 c4 4. Bxc4 e6 5. O-O Nf6 6. e5 Nd5 7. Be2 Be7 8. c4 Nb6 9. d5 Na5 10. d6 Bf8 11. c5 Nd5 12. Nd4 Nc6 13. f4 g6 14. Nc3 Nxc3 15. bxc3 a6 16. Qa4 Bg7 17. Rb1 O-O 18. Rb6 f6 19. Nxc6 bxc6 20. Qe4 fxe5 21. fxe5 Rxf1+ 22. Bxf1 a5 23. h4 Qf8 24. Bg5 Qf5 25. Qxf5 gxf5 26. a4 Bxe5 27. Bd2 Bg3 28. h5 Kg7 29. Bc4 e5 30. Kf1 e4 31. Ke2 f4 32. Be1 Bh2 33. Bh4 Kh6 34. Bf7 Ba6+ 35. Kf2 Bd3 36. Rb7 Rb8 37. Rxb8 e3+ 38. Kf3 e2 39. Be1 Bg3 40. Bd2 e1=Q 41. Bxe1 Bxe1 42. Kxf4 Bxc3 43. Be8 Bd4 44. Bxd7 Bxc5 45. Bf5 Bxd6+ 46. Ke3 Bxb8 47. Kxd3 Bd6 48. Kc4 Bb4 49. g4 c5 50. Kd5 Kg5 51. Ke6 h6 52. Kd5 Ba3 53. Kc4 Bb4 54. Bd7 Be1 55. Kd5 Bb4 56. Bf5 c4 57. Kxc4 Be1 58. Kd5 Bb4 59. Ke6 Be1 60. Kf7 Bb4 61. Be6 Be1 62. Kg7 Bb4 63. Kf7 Be1 64. Ke8 Bb4 65. Kd7 Be1 66. Kd6 Bb4+ 67. Kc6 Be1 68. Kb5 Bb4 69. Kc4 Kf6 70. Kd3 Kg5 71. Bf5 Be7 72. Ke2 Bb4 73. Kd3 Be7 74. Ke2 Bb4 75. Be6 Be7 76. Bc4 Bb4 77. Kf3 Be7 78. Bd3 Bb4 79. Ke4 Be7 80. Kd5 Bb4 81. Ke6 Be1 82. Bf5 Bb4 83. Kf7 Be1 84. Kg7 Bb4 85. Kh7 Be1 86. Bg6 Bb4 87. Kg8 Be1 88. Kf7 Bb4 89. Ke6 Be1 90. Kd5 Bb4 91. Ke4 Be7 92. Bf5 Bb4 93. Ke3 Be7 94. Ke2 1/2-1/2


[Site "https://www.chess.com"]

[Event "Titled Tuesday Blitz June 6 Early 2023"]
[White "Ginzburg, Yakov"]
[Black "Dwilewicz, Katarzyna"]
[WhiteFideId "4157176"]
[BlackFideId "1148486"]
[WhiteElo "2305"]
[BlackElo "2098"]
[Result "1-0"]
[Round "8"]
[TimeControl "180+2"]
[Date "2023.06.06"]
[WhiteClock "0:00:13"]
[BlackClock "0:00:01"]
[Board "110"]

1. g3 d5 2. Bg2 e5 3. c4 d4 4. d3 Nc6 5. f4 exf4 6. Bxf4 Nf6 7. Nf3 Bb4+ 8. Nbd2 O-O 9. O-O Nh5 10. a3 Nxf4 11. gxf4 Bd6 12. Ng5 Bf5 13. Nde4 h6 14. Nxd6 Qxd6 15. Ne4 Qg6 16. Kh1 Rad8 17. b4 Bg4 18. Qd2 Rfe8 19. Rf2 f5 20. Nc5 b6 21. Na6 Rd7 22. Rg1 Qd6 23. c5 Qe6 24. b5 Na5 25. c6 Rde7 26. Nb4 Kh7 27. Nd5 Rf7 28. h3 Bh5 29. Kh2 Nb3 30. Qb4 Nc5 31. Qxd4 Qd6 32. Bf3 Bxf3 33. exf3 Rd8 34. Rfg2 g5 35. h4 Qxd5 36. Qxd5 Rxd5 37. fxg5 Rg7 38. g6+ Kg8 39. Re2 Rd8 40. h5 Nxd3 41. Rd1 Kf8 42. Red2 Re7 43. Rxd3 Re2+ 44. Kg3 Rxd3 45. Rxd3 Ra2 46. Kf4 Ke7 47. Kxf5 Rf2 48. f4 a5 49. bxa6 1-0


[Site "https://www.chess.com"]

[Event "Titled Tuesday Blitz June 6 Early 2023"]
[White "Turzo, Attila"]
[Black "Bogaudinov, Rushan"]
[WhiteFideId "704954"]
[BlackFideId "4129288"]
[WhiteElo "2482"]
[BlackElo "1967"]
[Result "0-1"]
[Round "8"]
[TimeControl "180+2"]
[Date "2023.06.06"]
[WhiteClock "0:00:01"]
[BlackClock "0:00:09"]
[Board "111"]

1. d4 Nf6 2. c4 e6 3. g3 Bb4+ 4. Bd2 a5 5. Bg2 O-O 6. e4 Nc6 7. Ne2 d5 8. e5 Ne4 9. O-O Nxd2 10. Nxd2 Bxd2 11. Qxd2 dxc4 12. Rfc1 Nxe5 13. Qe3 Nd7 14. Rxc4 Nb6 15. Rc5 Nd5 16. Qd2 c6 17. Nc3 Re8 18. Ne4 e5 19. dxe5 Rxe5 20. Nc3 Be6 21. Rd1 Qe7 22. f4 Qxc5+ 23. Kh1 Rh5 24. Bf3 Rh6 25. Ne4 Qb4 26. Qf2 a4 27. a3 Qe7 28. Nc5 Ra5 29. Nd3 g5 30. Re1 gxf4 31. gxf4 Qh4 32. Qd2 Rb5 33. f5 Bxf5 34. Re8+ Kg7 35. Ne5 Nf6 36. Re7 Rxe5 37. Rxe5 Be6 38. Re1 Rg6 39. Rf1 Qg5 40. Qf2 Bd5 41. Bxd5 Qxd5+ 42. Qf3 Qxf3+ 43. Rxf3 h5 44. Rf4 Rg4 45. Rf5 Nd5 46. Rxh5 Re4 47. Rf5 Re2 48. h4 Ne3 49. Rg5+ Kf6 50. Rg3 Ke5 51. h5 Nf5 52. Rg5 Kf6 53. Rg8 Re4 54. Kg2 Rh4 55. Rb8 Nd6 56. Rd8 Ke7 57. Rh8 f5 58. h6 Nf7 59. Rb8 Rxh6 60. Rxb7+ Ke6 61. Rb4 Rg6+ 62. Kf2 Rg4 63. Rb7 Ne5 64. Rb8 Kd5 65. Ke3 Rg3+ 66. Kd2 Rb3 67. Rd8+ Kc5 68. Kc2 Nc4 69. Rf8 Rxb2+ 70. Kc3 Rf2 71. Rg8 Rf3+ 72. Kc2 Rxa3 73. Rf8 Kb4 74. Rb8+ Kc5 75. Rf8 Rf3 76. Rf7 a3 77. Kb1 Rf2 78. Rf6 Ne3 79. Ka1 Kb5 80. Rf8 c5 81. Rb8+ Kc4 82. Rc8 Nd5 83. Rf8 f4 84. Rf7 Nb4 0-1


[Site "https://www.chess.com"]

[Event "Titled Tuesday Blitz June 6 Early 2023"]
[White "Camacho Collados, Jose"]
[Black "Lacasa Diaz, Jose Antonio"]
[WhiteFideId "2265427"]
[BlackFideId "2203375"]
[WhiteElo "2212"]
[BlackElo "2338"]
[Result "1-0"]
[Round "8"]
[TimeControl "180+2"]
[Date "2023.06.06"]
[WhiteClock "0:00:05"]
[BlackClock "0:00:08"]
[Board "112"]

1. c4 Nf6 2. g3 e5 3. Bg2 c6 4. Nf3 Bd6 5. O-O Bc7 6. d4 e4 7. Ne1 d5 8. Nc3 h6 9. Nc2 O-O 10. Ne3 Be6 11. b3 a6 12. a4 Re8 13. Ba3 Nbd7 14. Rc1 Nf8 15. Qd2 Rc8 16. Rfd1 N8h7 17. b4 h5 18. b5 h4 19. cxd5 cxd5 20. bxa6 bxa6 21. Na2 Qd7 22. a5 h3 23. Bf1 Qa4 24. Qb4 Qxa5 25. Rc6 Bd7 26. Qxa5 Bxa5 27. Rxa6 Ra8 28. Rxa8 Rxa8 29. Bc5 Ng5 30. Be7 Be6 31. Nb4 Bxb4 32. Bxb4 Ng4 33. Bd2 Ra2 34. Nxg4 Bxg4 35. Bxg5 Bxe2 36. Bxe2 Rxe2 37. Kf1 Ra2 38. Rc1 f6 39. Be3 g5 40. Rc5 Ra1+ 41. Bc1 Kf7 42. Ke2 Ke6 43. Kd1 Ra2 44. Rc2 Ra4 45. Be3 Ra1+ 46. Rc1 Ra2 47. Rc6+ Kf5 48. Rd6 Ra1+ 49. Bc1 Ra5 50. Ke2 Ra2+ 51. Bd2 Kg4 52. Rxf6 Ra1 53. Be1 Ra2+ 54. Kf1 e3 55. f3+ Kh5 56. g4# 1-0


[Site "https://www.chess.com"]

[Event "Titled Tuesday Blitz June 6 Early 2023"]
[White "Mrithyunjay Mahadevan"]
[Black "Rian, Kapriaga"]
[WhiteFideId "45003521"]
[BlackFideId "7103263"]
[WhiteElo "1626"]
[BlackElo "2336"]
[Result "1-0"]
[Round "8"]
[TimeControl "180+2"]
[Date "2023.06.06"]
[WhiteClock "0:02:10"]
[BlackClock "0:01:56"]
[Board "113"]

1. d4 e6 2. e4 d5 3. Nc3 dxe4 4. Nxe4 Nf6 5. Nxf6+ Qxf6 6. Nf3 Nd7 7. Bd3 h6 8. Be3 Bd6 9. Qe2 b6 10. Be4 Rb8 11. O-O-O O-O 12. g4 Bf4 13. h4 Bxe3+ 14. fxe3 Bb7 15. g5 Qe7 16. Bxb7 Rxb7 17. gxh6 gxh6 18. Rdg1+ Kh8 19. Qg2 Qf6 20. Ne5 Nxe5 21. dxe5 Qxe5 22. Qxb7 Qxe3+ 23. Kb1 Qe5 24. Qg2 a5 25. Rh3 a4 26. Rg3 1-0


[Site "https://www.chess.com"]

[Event "Titled Tuesday Blitz June 6 Early 2023"]
[White "Georg, Heinz"]
[Black "cristianserban1"]
[WhiteFideId "4607295"]
[WhiteElo "2328"]
[BlackElo "2470"]
[Result "1-0"]
[Round "8"]
[TimeControl "180+2"]
[Date "2023.06.06"]
[WhiteClock "0:00:30"]
[BlackClock "0:00:02"]
[Board "114"]

1. e4 c5 2. Nf3 e6 3. b3 d5 4. exd5 exd5 5. Bb2 Nf6 6. Bb5+ Bd7 7. Qe2+ Qe7 8. Bxf6 Qxe2+ 9. Bxe2 gxf6 10. O-O Bd6 11. d4 cxd4 12. Nxd4 Be5 13. c3 Nc6 14. Nxc6 bxc6 15. f4 Bd6 16. c4 d4 17. Nd2 O-O-O 18. Ne4 Be7 19. f5 Rhe8 20. c5 Kc7 21. Bc4 Rf8 22. Rad1 Bc8 23. b4 Rd7 24. Rd3 Bd8 25. Rfd1 Re7 26. Nd6 Re5 27. Rxd4 Bxf5 28. Nxf7 Be7 29. Nxe5 fxe5 30. R4d2 Bg5 31. Re2 Bg4 32. Rxe5 Bf6 33. Rf1 1-0


[Site "https://www.chess.com"]